 Dungeon Crawl Stone Soup version 0.30-a0-1018-g25214051b3 (webtiles) character file.

Game seed: 17044707527350353427

45 Pimp the Trooper (level 3, -5/29 HPs)
             Began as a Demonspawn Fighter on Apr 7, 2023.
             Killed by nerve-wracking pain
             ... invoked by Jessica
              (14 damage)
             ... on level 2 of the Dungeon.
             The game lasted 00:02:19 (1068 turns).

Pimp the Trooper (Demonspawn Fighter)               Turns: 1068, Time: 00:02:21

Health: -5/29      AC: 10    Str: 18    XL:     3   Next: 42%
Magic:  3/3        EV:  7    Int:  9    God:
Gold:   72         SH:  0    Dex: 12    Spells: 2/2 levels left

rFire   . . .      SeeInvis .    a - +0 war axe
rCold   . . .      Faith    .    (no shield)
rNeg    . . .      Spirit   .    l - +0 chain mail
rPois   .          Reflect  .    (helmet restricted)
rElec   .          Rampage  .    (no cloak)
rCorr   .                        h - +0 pair of gloves
Will    .....                    (no boots) Stlth
                                 (no amulet)
HPRegen 0.24/turn                (no ring)
MPRegen 0.08/turn                (no ring)

@: no status effects
A: horns 1, weakness stinger 1
a: no special abilities


You were on level 2 of the Dungeon.
You visited 1 branch of the dungeon, and saw 2 of its levels.

You collected 72 gold pieces.

Inventory:

Hand Weapons
 a - a +0 war axe (weapon)
 m - a +0 triple crossbow
Armour
 b - a +0 scale mail
 c - a +0 buckler
 h - a +0 pair of gloves (worn)
 l - a +0 chain mail (worn)
Scrolls
 f - 2 scrolls of teleportation {unknown}
 g - 3 scrolls of identify {unknown}
 i - a scroll of vulnerability {unknown}
 j - 3 scrolls of summoning {unknown}
Potions
 d - a potion of might
 e - 2 potions of curing {unknown}
 k - a potion of resistance {unknown}
 n - a potion of attraction {unknown}
 o - a potion of ambrosia {unknown}


   Skills:
 + Level 3.3 Fighting
 + Level 2.2 Axes
 + Level 3.1 Armour
 + Level 0.2 Dodging
 + Level 3.1 Shields


You had 2 spell levels left.
You didn't know any spells.
Your spell library contained the following spells:

 Spells                   Type           Power      Damage    Failure   Level
 Magic Dart               Conj           0%         1d3       98%         1
 Searing Ray              Conj           0%         2d4       99%         2
 Ozocubu's Armour         Ice            0%         N/A       100%        3
 Fulminant Prism          Conj/Hex       0%         3d5       100%        4
 Ozocubu's Refrigeration  Ice            0%         4d7       100%        7


Dungeon Overview and Level Annotations

Branches:
Dungeon (2/15)

Altars:

Annotations:
D:2 Jessica


Innate Abilities, Weirdness & Mutations

You have a pair of small horns on your head.
You have a small tail.


Message History

The adder bites you but does no damage. x2
The adder bites you but does no damage. The adder bites you but does no damage.
You hit the adder. Your headbutt misses the adder.
You tail-slap the adder, but do no damage.
The adder is moderately wounded.
The adder bites you but does no damage. x2
You barely miss the adder.
The adder is moderately wounded.
The adder bites you but does no damage. x2
You barely miss the adder.
The adder is moderately wounded.
The adder barely misses you. The adder bites you but does no damage.
You slash the adder!
You kill the adder!
g - 2 scrolls labelled HESEIH ASING (gained 1)
You now have 72 gold pieces (gained 6).
e - 2 dark potions (gained 1)
Found a robe.
Found 3 stones.
f - 2 scrolls labelled ACOSTU USYROMN (gained 1)
g - 3 scrolls labelled HESEIH ASING (gained 1) Jessica the Apprentice Sorceress comes into view.
She is wielding a +0 club.
Jessica shouts!
Jessica is nearby!
Jessica casts a spell.
Jessica seems to speed up.
You closely miss Jessica. You headbutt Jessica, but do no damage.
Jessica barely misses you. Jessica hits you but does no damage.
You hit Jessica. You tail-slap Jessica.
Jessica is severely wounded.
Jessica hits you but does no damage. Jessica barely misses you.
Jessica hits you with a +0 club.
You closely miss Jessica.
Jessica is severely wounded.
Jessica gestures at you while chanting. Pain shoots through your body!
Jessica gestures at you while chanting. Pain shoots through your body!
You die...

####.# ..... .###
##...###....#
...#.#(#.#...
.....#.#.....###########
.#.........#............
....##.##........?......
###.#...#.###...........
#..........[#.#.@@......
###.#...#.###...##......
....##.##............##.
.#.........#..####.#..#
.†...#.#......... # .#
...#.#.#.#.####### #
.....###...#
..........## ......#...#


You could see Jessica (fast).

Vanquished Creatures
  An adder (D:2)
  2 dart slugs
  A ball python (D:2)
  6 bats
  An endoplasm (D:1)
  2 giant cockroaches (D:2)
  A goblin (D:1)
  2 hobgoblins (D:1)
  2 jackals (D:1)
  2 quokkas
  A frilled lizard (D:1)
  3 kobolds
  8 rats
32 creatures vanquished.

Notes
Turn   | Place    | Note
-------+----------+-------------------------------------------
     0 | D:1      | Pimp the Demonspawn Fighter began the quest for the Orb.
     0 | D:1      | Reached XP level 1. HP: 18/18 MP: 1/1
   116 | D:1      | Discovered your monstrous ancestry.
   116 | D:1      | Gained mutation: You have a pair of small horns on your
                  | head. [demonic ancestry]
   116 | D:1      | Reached XP level 2. HP: 24/24 MP: 2/2
   945 | D:2      | Gained mutation: You have a small tail. [demonic ancestry]
   945 | D:2      | Reached XP level 3. HP: 16/29 MP: 3/3
  1062 | D:2      | Noticed Jessica
  1068 | D:2      | Killed from afar by Jessica

Illustrated notes

Levels and vault maps discovered:
D:1:      dpeg_cavernosity, layout_loops_ring
D:2:      layout_basic, basic_altar, minmay_fractal_squares_5, uniq_robin,
          uniq_jessica

Skill      XL: |  1  2 |
---------------+-------+-----
Axes           | 2 |  2.2
Armour         | 3 |  3.1
Shields        | 3 |  3.1
Fighting       | |  3.3
Dodging        | |  0.2

Action                     || total
---------------------------++-------
  Melee: War axe           ||    60
         Headbutt          ||     6
         Tailslap          ||     2
   Fire: Triple crossbow   ||    12
 Armour: Scale mail        ||     9
         Chain mail        ||    53
  Dodge: Dodged            ||    33
  Block: Buckler           ||     5

Table legend: (Time is in decaauts)
 A = Elapsed time spent in this place.
 B = Non-inter-level travel time spent in this place.
 C = Inter-level travel time spent in this place.
 D = Time resting spent in this place.
 E = Time spent auto-exploring this place.
 F = Levels seen in this place.
 G = Mean time per level.
                   A        B        C        D        E       F      G
               +--------+--------+--------+--------+--------+-----+--------+
         Total |   1109 |    970 |    139 |      0 |    714 |   2 |  554.5 |
       Dungeon |   1109 |    970 |    139 |      0 |    714 |   2 |  554.5 |
               +--------+--------+--------+--------+--------+-----+--------+

Top non-repeatable levels by time:
     D:1: 951 daAuts
     D:2: 157 daAuts
